 Dungeon Crawl Stone Soup version 0.28-a0-10-g964c8b829e (webtiles) character file.

Game seed: 4997332328231300598

35 ezpacito the Skirmisher (level 3, 0/29 HPs)
             Began as a Demonspawn Abyssal Knight on July 25, 2021.
             Was a Follower of Lugonu.
             Succumbed to an adder's poison
             ... on level 2 of the Dungeon.
             The game lasted 00:01:38 (1493 turns).

ezpacito the Skirmisher (Demonspawn Abyssal Knight) Turns: 1493, Time: 00:01:39

Health: 0/29       AC:  1    Str: 14    XL:     3   Next: 16%
Magic:  5/5        EV: 12    Int: 13    God:    Lugonu [*.....]
Gold:   92         SH:  0    Dex: 13    Spells: 2/2 levels left

rFire   + . .      SeeInvis .   a - +1 hand axe
rCold   + . .      Faith    .   (no shield)
rNeg    . . .      Spirit   .   b - +0 leather armour
rPois   +          Reflect  .   (no helmet)
rElec   +          Harm     .   (no cloak)
rCorr   +          Rampage  .   (no gloves)
Will    .....                   (no boots)
Stlth   +.........              (no amulet)
HPRegen 0.09/turn               (no ring)
MPRegen 0.09/turn               (no ring)

@: lethally poisoned (0 -> -8), resistant
A: sturdy frame 2, deformed body, strong 1
a: Renounce Religion, Depart the Abyss


You were on level 2 of the Dungeon.
You worshipped Lugonu.
Lugonu was aware of your devotion.
You visited 1 branch of the dungeon, and saw 2 of its levels.
You visited the Abyss 1 time.

You collected 92 gold pieces.

Inventory:

Hand Weapons
 a - a +1 hand axe (weapon)
Armour
 b - a +0 leather armour (worn)


   Skills:
 + Level 3.2 Fighting
 * Level 2.2 Axes
 * Level 2.2 Armour
 + Level 1.2 Dodging
 + Level 0.3 Spellcasting
 + Level 2.7 Invocations


You had 2 spell levels left.
You didn't know any spells.
Your spell library contained the following spells:

 Spells                   Type           Power      Damage    Failure   Level
 Call Canine Familiar     Summ           0%         N/A       65%         3
 Portal Projectile        Hex/Tloc       0%         N/A       65%         3
 Leda's Liquefaction      Hex/Erth       0%         N/A       96%         4


Dungeon Overview and Level Annotations

Branches:
Dungeon (2/15)

Altars:


Innate Abilities, Weirdness & Mutations

Your movements are less encumbered by armour. (ER -4)
Armour fits poorly on your strangely shaped body.
Your muscles are strong. (Str +2)


Message History

Search for what [? for help]? arm Unknown command.
The adder hisses angrily.
An adder is nearby!
An adder is nearby!
The adder closely misses you.
You hit the adder but do no damage. The adder closely misses you.
You closely miss the adder. The adder bites you.
You are poisoned.
The adder poisons you! The adder bites you.
You miss the adder.
You feel sick. The adder bites you but does no damage.
You hit the adder but do no damage.
You feel sick. The adder barely misses you.
The adder bites you but does no damage.
Okay, then.
It was a potion of mutation.
You feel extremely strange.
Your body twists and deforms.
You feel stronger.
You feel less encumbered by your armour.
You feel sick. The adder bites you.
You are more poisoned.
The adder poisons you!
You feel protected.
You feel sick. The adder bites you.
You are lethally poisoned!
The adder poisons you! The adder bites you but does no damage.
You hit the adder.
The adder is heavily wounded.
You feel very sick. The adder bites you.
* * * LOW HITPOINT WARNING * * *
You barely miss the adder.
The adder is heavily wounded.
* * * LOW HITPOINT WARNING * * *
You feel very sick. The adder bites you.
* * * LOW HITPOINT WARNING * * *
The adder bites you.
* * * LOW HITPOINT WARNING * * *
You completely miss the adder.
The adder is heavily wounded.
You die...

#...### #.....# ##+#
#...#.# # #..########.#
#.#### ..........†#
..... ..########<# ...
#.# #.#
######.##.########.#
...
..........S@..........#
..#
...#####.###.##.#####.#
..# ..... .. #.##.# #.#
..# ....# ##
#.##.#####.# ..#...r.#
#..........# ..#....
###..####### ....#
#.#######..# ..#.#
#.........<# ..#.#
#..######.##


You could see an adder.

Vanquished Creatures
  2 bats (D:1)
  2 endoplasms (D:1)
  A giant cockroach (D:1)
  5 goblins (D:1)
  3 hobgoblins (D:1)
  7 jackals
  A quokka (D:1)
  4 ball pythons
  2 frilled lizards (D:1)
  A kobold (D:1)
  2 rats
30 creatures vanquished.

Notes
Turn   | Place    | Note
-------+----------+-------------------------------------------
     0 | Abyss:1  | ezpacito the Demonspawn Abyssal Knight began the quest for
                  | the Orb.
     0 | Abyss:1  | Reached XP level 1. HP: 18/18 MP: 2/2
    45 | Abyss:1  | Noticed an iron imp
    47 | Abyss:1  | Noticed a starcursed mass
    47 | Abyss:1  | Noticed a ynoxinul
    51 | D:1      | Escaped the Abyss
    99 | D:1      | Reached skill level 1 in Dodging
   494 | D:1      | Gained mutation: Your movements are slightly less
                  | encumbered by armour. (ER -2) [demonic ancestry]
   494 | D:1      | Reached XP level 2. HP: 13/24 MP: 3/3
   708 | D:1      | Reached * piety under Lugonu
  1250 | D:2      | Reached XP level 3. HP: 19/29 MP: 5/5
  1489 | D:2      | Gained mutation: Armour fits poorly on your strangely
                  | shaped body. [potion of mutation]
  1489 | D:2      | Gained mutation: Your muscles are strong. (Str +2) [potion
                  | of mutation]
  1489 | D:2      | Gained mutation: Your movements are less encumbered by
                  | armour. (ER -4) [potion of mutation]
  1493 | D:2      | Succumbed to an adder's poison

Illustrated notes

Levels and vault maps discovered:
D:1:      dpeg_arrival_rooms_c, layout_basic
D:2:      layout_loops_ring, dk_noncrumbling_3

Skill      XL: |  1  2 |
---------------+-------+-----
Dodging        | 1 |  1.2
Axes           | 2 |  2.2
Armour         | 2 |  2.2
Fighting       | |  3.2
Spellcasting   | |  0.3
Invocations    | |  2.7

Action                   || total
-------------------------++-------
Melee: Hand axe          ||    94
Invok: Depart the Abyss  ||     1
  Use: Potion            ||     3
       Scroll            ||     1
Armor: Leather armour    ||    43
Dodge: Dodged            ||    77

Table legend: (Time is in decaauts)
 A = Elapsed time spent in this place.
 B = Non-inter-level travel time spent in this place.
 C = Inter-level travel time spent in this place.
 D = Time resting spent in this place.
 E = Time spent auto-exploring this place.
 F = Levels seen in this place.
 G = Mean time per level.
                   A        B        C        D        E       F      G
               +--------+--------+--------+--------+--------+-----+--------+
         Total |   1511 |   1491 |     20 |    258 |    994 |   3 |  503.7 |
       Dungeon |   1460 |   1440 |     20 |    258 |    949 |   2 |  730.0 |
         Abyss |     51 |     51 |      0 |      0 |     45 |   1 |   51.0 |
               +--------+--------+--------+--------+--------+-----+--------+

Top non-repeatable levels by time:
     D:1: 1290 daAuts
     D:2: 170 daAuts
 Abyss:1: 51 daAuts
